SL
PHILADEPHIA 1776 BC @ TOLEDO TITANS
07/08/2018
 
TOP OF THE 1ST
Philadephia 1776 BC batting - Pitching for Toledo Titans : RHP Wayne Hurst
Pitching: RHP Wayne Hurst
Batting: LHB Manuel García 0-0: Called Strike
0-1: Ground out 6-3 (Groundball, 6M)
Batting: RHB Iván Pérez 0-0: Ground out 6-3 (Groundball, 6M)
Batting: LHB Chris Nelson 0-0: Ball
1-0: Swinging Strike
1-1: Fly out, F8 (Flyball, 8LS)
Top of the 1st over - 0 run(s), 0 hit(s), 0 error(s), 0 left on base; Philadephia 1776 0 - Toledo 0
BOTTOM OF THE 1ST
Toledo Titans batting - Pitching for Philadephia 1776 BC : RHP John Buck
Pitching: RHP John Buck
Batting: RHB Brad Brown 0-0: Called Strike
0-1: SINGLE (Groundball, 34D)
Batting: RHB Sherman Davis 0-0: Ball
1-0: Foul Ball, location: 2F
1-1: Grounds into double play, 6-4-3 (Groundball, 6M)
Batting: LHB Michael Neely 0-0: Foul Ball, location: 2F
0-1: Ground out 5-3 (Groundball, 56S)
Bottom of the 1st over - 0 run(s), 1 hit(s), 0 error(s), 0 left on base; Philadephia 1776 0 - Toledo 0
TOP OF THE 2ND
Philadephia 1776 BC batting - Pitching for Toledo Titans : RHP Wayne Hurst
Batting: RHB Carl Good 0-0: Fly out, F4 (Popup, 4MD)
Batting: RHB Yuji Ine 0-0: Ground out 6-3 (Groundball, 6)
Batting: RHB Lúcio Montoya 0-0: Foul Ball, location: 2F
0-1: Foul Ball, location: 2F
0-2: Strikes out looking
Top of the 2nd over - 0 run(s), 0 hit(s), 0 error(s), 0 left on base; Philadephia 1776 0 - Toledo 0
BOTTOM OF THE 2ND
Toledo Titans batting - Pitching for Philadephia 1776 BC : RHP John Buck
Batting: RHB Enrique Pérez 0-0: Ball
1-0: Called Strike
1-1: Foul Ball, location: 2F
1-2: Ball
2-2: Ground out 5-3 (Groundball, 56)
Batting: LHB David Martínez 0-0: Foul Ball, location: 2F
0-1: Called Strike
0-2: SINGLE (Line Drive, 8LS)
Batting: LHB Nathan Santos 0-0: Foul Ball, location: 2F
0-1: Ball
1-1: Ball
2-1: Foul Ball, location: 2F
2-2: Ball
3-2: Base on Balls
David Martínez to second
Batting: LHB Salvador Vidal 0-0: Called Strike
0-1: Ball
1-1: SINGLE (Line Drive, 4D)
David Martínez to third
Nathan Santos to second
Runner from 3rd tries for Home, SAFE, throw made home
Nathan Santos to third
Salvador Vidal to second
Batting: RHB Steve Ferguson 0-0: Called Strike
0-1: Ball
1-1: Ball
2-1: Ball
3-1: Called Strike
3-2: Strikes out swinging passed ball, reaches first!
Nathan Santos scores
Salvador Vidal to third
Batting: RHB Wayne Hurst 0-0: Ball
1-0: Ball
Throwing error on steal attempt, E2
Salvador Vidal scores
Steve Ferguson to third
2-0: SINGLE (Groundball, 4MD)
Steve Ferguson scores
Batting: RHB Brad Brown 0-0: Ball
1-0: Foul Ball, location: 2F
1-1: Ball
2-1: Swinging Strike
2-2: Strikes out swinging
Batting: RHB Sherman Davis 0-0: Ball
1-0: Swinging Strike
1-1: Foul Ball, location: 2F
1-2: Strikes out swinging
Bottom of the 2nd over - 4 run(s), 3 hit(s), 1 error(s), 1 left on base; Philadephia 1776 0 - Toledo 4
TOP OF THE 3RD
Philadephia 1776 BC batting - Pitching for Toledo Titans : RHP Wayne Hurst
Batting: RHB Brian O'Brian 0-0: Ball
1-0: Foul Ball, location: 2F
1-1: Ball
2-1: Ground out 5-3 (Groundball, 5S)
Batting: RHB Soseki Matsunaga 0-0: Called Strike
0-1: Ball
1-1: Ball
2-1: Ground out 1-3 (Groundball, 13S)
Batting: LHB John Buck 0-0: Called Strike
0-1: Foul Ball, location: 2F
0-2: Strikes out looking
Top of the 3rd over - 0 run(s), 0 hit(s), 0 error(s), 0 left on base; Philadephia 1776 0 - Toledo 4
BOTTOM OF THE 3RD
Toledo Titans batting - Pitching for Philadephia 1776 BC : RHP John Buck
Batting: LHB Michael Neely 0-0: Ball
1-0: Fly out, F8 (Flyball, 8LM)
Batting: RHB Enrique Pérez 0-0: Called Strike
0-1: Ball
1-1: Swinging Strike
1-2: Foul Ball, location: 2F
1-2: Ball
2-2: Foul Ball, location: 2F
Reached via error on a dropped throw, E3
Batting: LHB David Martínez 0-0: Ball
1-0: Called Strike
1-1: Ball
2-1: Ball
3-1: DOUBLE (Line Drive, 7LM)
Enrique Pérez to third
Batting: LHB Nathan Santos 0-0: Called Strike
0-1: Ball
1-1: Foul Ball, location: 2F
1-2: Strikes out swinging
Batting: LHB Salvador Vidal 0-0: Ball
1-0: Called Strike
1-1: SINGLE (Groundball, 6MD)
Enrique Pérez scores
David Martínez to third
Runner from 3rd tries for Home, throw and OUT!
Bottom of the 3rd over - 1 run(s), 2 hit(s), 1 error(s), 1 left on base; Philadephia 1776 0 - Toledo 5
TOP OF THE 4TH
Philadephia 1776 BC batting - Pitching for Toledo Titans : RHP Wayne Hurst
Batting: LHB Manuel García 0-0: Ball
1-0: Foul Ball, location: 2F
1-1: SINGLE (Groundball, 6MD)
Batting: RHB Iván Pérez 0-0: Ball
1-0: Ball
2-0: Ball
Manuel García steals 2nd base
3-0: Base on Balls
Batting: LHB Chris Nelson 0-0: Ball
1-0: Called Strike
1-1: Foul Ball, location: 2F
1-2: Ball
2-2: Reached on error, E4 (Groundball, 34)
Manuel García to third
Iván Pérez to second
Batting: RHB Carl Good 0-0: Ball
1-0: Foul Ball, location: 2F
1-1: Swinging Strike
1-2: Strikes out swinging
Batting: RHB Yuji Ine 0-0: Ball
1-0: Called Strike
1-1: Foul Ball, location: 2F
1-2: Ball
2-2: Strikes out swinging
Batting: RHB Lúcio Montoya 0-0: Ball
1-0: Fly out, F6 (Popup, 56D)
Top of the 4th over - 0 run(s), 1 hit(s), 1 error(s), 3 left on base; Philadephia 1776 0 - Toledo 5
BOTTOM OF THE 4TH
Toledo Titans batting - Pitching for Philadephia 1776 BC : RHP John Buck
Batting: RHB Steve Ferguson 0-0: Ball
1-0: Foul Ball, location: 2F
1-1: Ball
2-1: Ground out 4-3 (Groundball, 4)
Batting: RHB Wayne Hurst 0-0: Called Strike
0-1: Ground out 5-3 (Groundball, 5L)
Batting: RHB Brad Brown 0-0: Called Strike
0-1: Ball
1-1: Fly out, F4 (Line Drive, 4)
Bottom of the 4th over - 0 run(s), 0 hit(s), 0 error(s), 0 left on base; Philadephia 1776 0 - Toledo 5
TOP OF THE 5TH
Philadephia 1776 BC batting - Pitching for Toledo Titans : RHP Wayne Hurst
Batting: RHB Brian O'Brian 0-0: Swinging Strike
0-1: Swinging Strike
0-2: Strikes out looking
Batting: RHB Soseki Matsunaga 0-0: Swinging Strike
0-1: Swinging Strike
0-2: Strikes out looking
Pinch Hitting: LHB John Boone 0-0: Ball
1-0: Ball
2-0: Ball
3-0: Base on Balls
Batting: LHB Manuel García 0-0: Ball
1-0: Ball
2-0: Ball
3-0: Called Strike
3-1: Swinging Strike
3-2: Foul Ball, location: 2F
3-2: Foul Ball, location: 2F
3-2: Foul Ball, location: 2F
3-2: Strikes out swinging
Top of the 5th over - 0 run(s), 0 hit(s), 0 error(s), 1 left on base; Philadephia 1776 0 - Toledo 5
BOTTOM OF THE 5TH
Toledo Titans batting - Pitching for Philadephia 1776 BC : RHP John Buck
Pitching: LHP Francisco Carrasco
Batting: RHB Sherman Davis 0-0: Ball
1-0: Foul Ball, location: 2F
1-1: Swinging Strike
1-2: Strikes out swinging
Batting: LHB Michael Neely 0-0: Ground out U3 (Groundball, 3S)
Batting: RHB Enrique Pérez 0-0: Called Strike
0-1: Ground out 6-3 (Groundball, 6)
Bottom of the 5th over - 0 run(s), 0 hit(s), 0 error(s), 0 left on base; Philadephia 1776 0 - Toledo 5
TOP OF THE 6TH
Philadephia 1776 BC batting - Pitching for Toledo Titans : RHP Wayne Hurst
Batting: RHB Iván Pérez 0-0: Fly out, F4 (Popup, 4MD)
Batting: LHB Chris Nelson 0-0: Ball
1-0: SINGLE (Line Drive, 34D)
Batting: RHB Carl Good 0-0: Called Strike
0-1: Foul Ball, location: 2F
0-2: Ball
1-2: Foul Ball, location: 2F
1-2: Strikes out swinging
Batting: RHB Yuji Ine 0-0: Foul Ball, location: 2F
0-1: Ball
1-1: Foul Ball, location: 2F
1-2: Ball
2-2: Strikes out swinging
Top of the 6th over - 0 run(s), 1 hit(s), 0 error(s), 1 left on base; Philadephia 1776 0 - Toledo 5
BOTTOM OF THE 6TH
Toledo Titans batting - Pitching for Philadephia 1776 BC : LHP Francisco Carrasco
Batting: LHB David Martínez 0-0: Ball
1-0: Ground out 4-3 (Groundball, 4)
Batting: LHB Nathan Santos 0-0: Foul Ball, location: 2F
0-1: Foul Ball, location: 2F
0-2: Ball
1-2: Strikes out swinging
Batting: LHB Salvador Vidal 0-0: Called Strike
0-1: Called Strike
0-2: Ball
1-2: Ball
2-2: SOLO HOME RUN (Flyball, 8RXD), Distance : 449 ft
Batting: RHB Steve Ferguson 0-0: Swinging Strike
0-1: Ground out 5-3 (Groundball, 5S)
Bottom of the 6th over - 1 run(s), 1 hit(s), 0 error(s), 0 left on base; Philadephia 1776 0 - Toledo 6
TOP OF THE 7TH
Philadephia 1776 BC batting - Pitching for Toledo Titans : RHP Wayne Hurst
Batting: RHB Lúcio Montoya 0-0: Ball
1-0: Fly out, F8 (Flyball, 8RM)
Batting: RHB Brian O'Brian 0-0: Ball
1-0: Ball
2-0: Called Strike
2-1: Foul Ball, location: 2F
2-2: Foul Ball, location: 2F
2-2: Ball
3-2: SINGLE (Groundball, 6MD)
Batting: RHB Soseki Matsunaga 0-0: Ball
1-0: Ball
2-0: SINGLE (Groundball, 56D)
Brian O'Brian to second
Pinch Hitting: LHB Rubén Alte 0-0: Ball
1-0: Called Strike
1-1: Swinging Strike
1-2: Foul Ball, location: 2F
1-2: Foul Ball, location: 2F
1-2: Strikes out swinging
Batting: LHB Manuel García 0-0: Called Strike
0-1: Swinging Strike
0-2: Ball
1-2: Strikes out swinging
Top of the 7th over - 0 run(s), 2 hit(s), 0 error(s), 2 left on base; Philadephia 1776 0 - Toledo 6
BOTTOM OF THE 7TH
Toledo Titans batting - Pitching for Philadephia 1776 BC : LHP Francisco Carrasco
Pitching: RHP Ray Gordon
Batting: RHB Wayne Hurst 0-0: Ball
1-0: Ball
2-0: Called Strike
2-1: Ball
3-1: Swinging Strike
3-2: Strikes out swinging
Batting: RHB Brad Brown 0-0: Called Strike
0-1: Foul Ball, location: 2F
0-2: Ball
1-2: Foul Ball, location: 2F
1-2: Ball
2-2: Ball
3-2: Ground out 6-3 (Groundball, 6)
Batting: RHB Sherman Davis 0-0: Swinging Strike
0-1: Foul Ball, location: 2F
0-2: Ball
1-2: Ball
2-2: Strikes out swinging
Bottom of the 7th over - 0 run(s), 0 hit(s), 0 error(s), 0 left on base; Philadephia 1776 0 - Toledo 6
TOP OF THE 8TH
Philadephia 1776 BC batting - Pitching for Toledo Titans : RHP Wayne Hurst
Batting: RHB Iván Pérez 0-0: Fly out, F8 (Flyball, 78D)
Batting: LHB Chris Nelson 0-0: Foul Ball, location: 2F
0-1: Foul Ball, location: 2F
0-2: Foul Ball, location: 2F
0-2: Strikes out looking
Batting: RHB Carl Good 0-0: Called Strike
0-1: Foul Ball, location: 2F
0-2: Ground out 6-3 (Groundball, 6M)
Top of the 8th over - 0 run(s), 0 hit(s), 0 error(s), 0 left on base; Philadephia 1776 0 - Toledo 6
BOTTOM OF THE 8TH
Toledo Titans batting - Pitching for Philadephia 1776 BC : RHP Ray Gordon
Batting: LHB Michael Neely 0-0: Called Strike
0-1: Ball
1-1: Called Strike
1-2: Ball
2-2: Ground out 5-3 (Groundball, 6S)
Batting: RHB Enrique Pérez 0-0: Ball
1-0: Called Strike
1-1: Ball
2-1: Called Strike
2-2: Fly out, F9 (Line Drive, 9M)
Batting: LHB David Martínez 0-0: Ball
1-0: Fly out, F7 (Flyball, 7M)
Bottom of the 8th over - 0 run(s), 0 hit(s), 0 error(s), 0 left on base; Philadephia 1776 0 - Toledo 6
TOP OF THE 9TH
Philadephia 1776 BC batting - Pitching for Toledo Titans : RHP Wayne Hurst
Batting: RHB Yuji Ine 0-0: Ball
1-0: Ball
2-0: Ball
3-0: Called Strike
3-1: Called Strike
3-2: Base on Balls
Batting: RHB Lúcio Montoya 0-0: Ball
1-0: Foul Ball, location: 2F
1-1: Swinging Strike
1-2: Foul Ball, location: 2F
1-2: Foul Ball, location: 2F
1-2: Strikes out looking
Pitching: RHP Cisco Cruz
Batting: RHB Brian O'Brian 0-0: Ball
1-0: Ball
2-0: Ball
3-0: Base on Balls
Yuji Ine to second
Batting: RHB Soseki Matsunaga 0-0: Fly out, F8 (Flyball, 89D)
Pinch Hitting: LHB Matt Mitchell 0-0: Called Strike
0-1: Foul Ball, location: 2F
0-2: SINGLE (Groundball, 4MD)
Yuji Ine to third
Brian O'Brian to second
Runner from 3rd tries for Home, SAFE, no throw or cutoff
Batting: LHB Manuel García 0-0: Called Strike
0-1: Ball
1-1: Foul Ball, location: 2F
1-2: Ball
2-2: Ball
3-2: Fly out, F6 (Popup, 6MS)
Top of the 9th over - 1 run(s), 1 hit(s), 0 error(s), 2 left on base; Philadephia 1776 1 - Toledo 6
This league is powered by Out of the Park Baseball, the baseball management simulation game for PC, Mac and Linux
Monday, May 4th, 2015 - OOTP Baseball 15.6 Build 34